 Dungeon Crawl Stone Soup version 0.25.1-2-g60ff931df9 (webtiles) character file.

Game seed: 2285143855433292676

3071 DearestLeader the Geomancer (level 9, -4/45 HPs)
             Began as a Gargoyle Earth Elementalist on Sept 26, 2020.
             Was a Follower of Vehumet.
             Killed from afar by Harold (8 damage)
             ... with a harpoon shot
             ... on level 7 of the Dungeon.
             The game lasted 00:18:08 (9891 turns).

DearestLeader the Geomancer (GrEE)                  Turns: 9891, Time: 00:18:08

Health: -4/45      AC: 10    Str: 12    XL:     9   Next: 88%
Magic:  2/16       EV: 12    Int: 19    God:    Vehumet [*.....]
Gold:   332        SH:  0    Dex: 10    Spells: 7/18 levels left

rFire    . . .     SeeInvis .   E - +2 whip (venom)
rCold    . . .     Gourm    .   (no shield)
rNeg     + + .     Faith    .   c - +0 robe
rPois    ∞         Spirit   .   M - +0 helmet
rElec    +         Reflect  .   (no cloak)
rCorr    .         Harm     .   (no gloves)
MR       +....                  s - +0 pair of boots
Stlth    ++........             (no amulet)
HPRegen  0.15/turn              j - ring of positive energy
MPRegen  0.15/turn              i - ring of protection from magic

@: marked, very slightly contaminated, invisible
A: negative energy resistance 1, electricity resistance, unbreathing,
petrification resistance, rot immunity, AC +6
a: Renounce Religion


You were on level 7 of the Dungeon.
You worshipped Vehumet.
Vehumet was aware of your devotion.
You were not hungry.

You visited 2 branches of the dungeon, and saw 8 of its levels.
You also visited: Sewer.

You collected 332 gold pieces.

Inventory:

Hand Weapons
 E - a +2 whip of venom (weapon)
Missiles
 b - 230 stones (quivered)
Armour
 c - a +0 robe (worn)
 s - a +0 pair of boots (worn)
 M - a +0 helmet (worn)
Magical Staves
 A - an uncursed staff of air
 G - an uncursed staff of summoning
Jewellery
 i - a ring of protection from magic (right hand)
 j - a ring of positive energy (left hand)
 q - an uncursed ring of teleportation
 t - an uncursed ring of positive energy
 y - an uncursed amulet of faith
 K - a +6 ring of dexterity {unknown}
 L - a +4 ring of evasion
Wands
 v - a wand of clouds (6)
 z - a wand of paralysis (9)
 B - a wand of iceblast (10)
Scrolls
 a - 6 scrolls of remove curse
 f - 2 scrolls of amnesia
 g - a scroll of enchant weapon {unknown}
 h - 2 scrolls of fog
 l - 2 scrolls of random uselessness {unknown}
 m - 4 scrolls of teleportation
 n - 2 scrolls of enchant armour
 F - a scroll of immolation {unknown}
 H - a scroll of magic mapping {unknown}
 J - a scroll of blinking {unknown}
Potions
 e - a potion of invisibility
 k - 2 potions of brilliance
 o - 2 potions of flight {unknown}
 p - 3 potions of curing
 r - 5 potions of stabbing
 w - 3 potions of might
 x - 2 potions of ambrosia {unknown}
 C - a potion of berserk rage {unknown}
 D - 2 potions of lignification {unknown}
 I - a potion of degeneration {unknown}
 N - a potion of haste {unknown}
Comestibles
 d - 12 rations


   Skills:
 - Level 1.5 Dodging
 - Level 2.1 Stealth
 + Level 5.0 Spellcasting
 + Level 6.3 Conjurations
 - Level 0.7 Transmutations
 * Level 13.0 Earth Magic


You had 7 spell levels left.
You knew the following spells:

 Your Spells              Type           Power        Failure   Level  Hunger
a - Sandblast             Erth           ######       1%          1    None
b - Passwall              Tmut/Erth      ####....     1%          2    #......
c - Stone Arrow           Conj/Erth      #####.       1%          3    ##.....
d - Lee's Rapid Deconstr  Erth           ######....   1%          5    ######.

Your spell library contained the following spells:

 Spells                   Type           Power        Failure   Level  Hunger
 Freeze                   Ice            #...         12%         1    None
 Petrify                  Tmut/Erth      ####....     8%          4    ####...


Dungeon Overview and Level Annotations

Branches:
Dungeon (7/15)             Temple (1/1) D:4           Sewer (visited)

Altars:
Ashenzari
Fedhas
Hepliaklqana
Okawaru
Qazlal
Sif Muna
Vehumet
Xom
Zin

Annotations:
D:7 Harold


Innate Abilities, Weirdness & Mutations

You are resistant to torment.
Your stone body is resilient. (AC +6)
You are immune to poison.
You resist negative energy. (rN+)
You are resistant to electric shocks. (rElec)
You can survive without breathing.
You are immune to petrification.
You are immune to rotting.


Message History

Harold is almost dead.
b - 230 stones Harold hits you with a +0 flail!
* * * LOW HITPOINT WARNING * * *
Harold fires a harpoon shot at you. The harpoon shot hits you.
* * * LOW HITPOINT WARNING * * *
Harold hits you with a +0 flail!
* * * LOW HITPOINT WARNING * * *
Harold casts a spell at you. The mark upon you grows brighter.
Harold fires a harpoon shot at you. The harpoon shot misses you.
Harold fires a harpoon shot at you. The harpoon shot misses you.
Harold points at you and mumbles some strange words.
The mark upon you grows brighter. Harold fires a harpoon shot at you.
The harpoon shot hits you!
You die...

##############
#.@....@.....#
######
#.##########.#
#......#######.##
#...#
#...[...........#
#.###
...............#
#.#
...............#
#.#
#............#
#.#
#............#
#.#
#............#
#.#


You could see Harold.

Vanquished Creatures
  Menkaure (D:5)
  2 water moccasins
  Duvessa (D:5)
  An orc warrior (D:6)
  Purgy (D:4)
  5 ogres
  An ice beast (D:7)
  A phantom (D:6)
  A centaur (D:5)
  A big kobold (Sewer)
  3 bullfrogs
  Dowan (D:5)
  2 scorpions (D:4)
  4 killer bees
  A howler monkey (D:6)
  4 crimson imps
  A bullfrog zombie (D:6)
  3 hounds
  A jelly (D:6)
  6 orc wizards
  4 orc priests
  2 bullfrog skeletons
  3 iguanas
  5 worker ants
  A hound zombie (D:7)
  7 adders
  7 river rats
  2 shadow imps
  An ooze (D:2)
  An adder skeleton (D:7)
  2 worms
  2 dart slugs
  5 leopard geckos
  21 orcs
  8 ball pythons
  5 bats (D:1)
  5 giant cockroaches
  10 goblins
  5 hobgoblins
  7 jackals
  4 quokkas
  A ball python skeleton (D:4)
  A ball python zombie (D:5)
  9 frilled lizards
  A giant cockroach zombie (D:5)
  27 kobolds
  2 quokka skeletons
  A quokka zombie (D:6)
  24 rats
214 creatures vanquished.

Notes
Turn   | Place    | Note
-------+----------+-------------------------------------------
     0 | D:1      | DearestLeader the Gargoyle Earth Elementalist began the
                  | quest for the Orb.
     0 | D:1      | Reached XP level 1. HP: 10/10 MP: 3/3
   216 | D:1      | Reached skill level 4 in Earth Magic
   716 | D:1      | Reached XP level 2. HP: 15/15 MP: 1/5
  1507 | D:1      | Reached skill level 5 in Earth Magic
  1507 | D:1      | Reached XP level 3. HP: 13/19 MP: 6/6
  1909 | D:1      | Learned a level 2 spell: Passwall
  1913 | D:1      | Learned a level 3 spell: Stone Arrow
  2477 | D:2      | Reached XP level 4. HP: 24/24 MP: 5/7
  2508 | D:2      | Reached skill level 6 in Earth Magic
  3031 | D:3      | Noticed an ogre
  3047 | D:3      | Killed an ogre
  3047 | D:3      | Reached skill level 7 in Earth Magic
  3047 | D:3      | Reached XP level 5. HP: 26/28 MP: 3/9
  3288 | D:3      | Found a glowing drain.
  3292 | Sewer    | Entered a sewer
  3535 | Sewer    | Reached XP level 6. HP: 12/32 MP: 5/10
  3906 | Sewer    | Learned a level 5 spell: Lee's Rapid Deconstruction
  4192 | Sewer    | Reached skill level 8 in Earth Magic
  5126 | D:4      | Found a staircase to the Ecumenical Temple.
  5142 | D:4      | Reached XP level 7. HP: 22/36 MP: 8/11
  5149 | Temple   | Entered the Ecumenical Temple
  5186 | Temple   | Became a worshipper of Vehumet
  5340 | D:4      | Reached skill level 9 in Earth Magic
  5368 | D:4      | Found a shattered altar of Ashenzari.
  5436 | D:4      | Reached skill level 1 in Conjurations
  5650 | D:4      | Noticed Purgy
  5657 | D:4      | Killed Purgy
  5958 | D:4      | Reached skill level 10 in Earth Magic
  5980 | D:4      | Reached XP level 8. HP: 28/41 MP: 12/12
  6107 | D:4      | Reached * piety under Vehumet
  6107 | D:4      | Offered knowledge of Freeze by Vehumet.
  6336 | D:5      | Entered Level 5 of the Dungeon
  6338 | D:5      | Noticed Menkaure
  6345 | D:5      | Killed Menkaure
  6873 | D:5      | Reached skill level 11 in Earth Magic
  7152 | D:5      | Found a stormy altar of Qazlal.
  7170 | D:5      | Noticed Dowan
  7170 | D:5      | Noticed Duvessa
  7173 | D:5      | Killed Dowan
  7176 | D:5      | Killed Duvessa
  7695 | D:6      | Reached XP level 9. HP: 36/45 MP: 8/14
  7888 | D:6      | Reached skill level 5 in Conjurations
  8099 | D:6      | Reached skill level 12 in Earth Magic
  9553 | D:7      | Reached skill level 5 in Spellcasting
  9625 | D:7      | Reached skill level 13 in Earth Magic
  9842 | D:7      | Noticed Harold
  9866 | D:7      | HP: 2/45 [Harold/harpoon shot (24)]
  9891 | D:7      | Killed from afar by Harold

Illustrated notes

Levels and vault maps discovered:
D:1:      scummos_arrival_forest, layout_loops_corners
D:2:      layout_loops_ring
D:3:      layout_rooms, gup_sewer_entry_bowl, first_ration
D:4:      layout_loops_cross, evilmike_ruin_ashenzari,
          minmay_temple_entry_mini_moons, uniq_purgy
D:5:      layout_basic, grunt_qazlal_clouds, uniq_duvessa, uniq_menkaure
D:6:      layout_cave_pools
D:7:      layout_basic, nicolae_underground_beach, uniq_harold
Temple:   minmay_crystal_snake_temple

Skill      XL: |  1  2  3  4  5  6  7  8  9 |
---------------+----------------------------+-----
Earth Magic    | 4 5 7 8 10 11 13 | 13.0
Spellcasting   | 3 5 |  5.0
Conjurations   | 2 4 6 |  6.3
Dodging        | |  1.5
Stealth        | |  2.1
Transmutations | |  0.7

Action                   |  1- 3 |  4- 6 |  7- 9 || total
-------------------------+-------+-------+-------++-------
Melee: Club              |    93 |       |       ||    93
       Unarmed           |    12 |       |       ||    12
       Whip              |    41 |   261 |   257 ||   559
       Dagger            |    18 |       |       ||    18
       Staff             |       |       |     9 ||     9
 Cast: Sandblast         |    10 |    46 |    79 ||   135
       Stone Arrow       |       |       |    36 ||    36
       Lee's Rapid Decon |       |       |     4 ||     4
  Use: Scroll            |       |     7 |     4 ||    11
       Potion            |       |       |     4 ||     4
 Stab: Sleeping          |     5 |     2 |     5 ||    12
  Eat: Chunk             |     5 |     9 |    14 ||    28
       Ration            |       |       |     2 ||     2
Armor: Robe              |    66 |   148 |   165 ||   379
Dodge: Dodged            |   155 |   226 |   229 ||   610
